[Event "fics rated crazyhouse match"]
[Site "fics, Oklahoma City, OK USA"]
[Date "2000.01.21"]
[White "Leech"]
[WhiteElo "2269"]
[Black "TeemuTH"]
[BlackElo "2152"]
[TimeControl "180+0"]
[Result "0-1"]

1. e4 e6 2. d4 d5 3. e5 Nc6 4. Bb5 Bd7 5. Nh3 Nge7 6. Bg5 
Qc8 7. O-O Nf5 8. c3 h6 9. Bf4 Be7 10. Nd2 O-O 11. Qc2 Nxe5 
12. Bxd7 Nxd7 13. B@e5 Nxe5 14. Bxe5 P@f6 15. Bg3 B@e2 16. Rfe1 B@d3 17. Qb3 
Bc4 18. Qc2 Bed3 19. Qd1 Nxg3 20. hxg3 B@e2 21. Qc1 e5 22. b3 Ba6 
23. Qb2 exd4 24. cxd4 P@f3 25. gxf3 Qxh3 26. P@g2 Qd7 27. N@h5 N@c2 28. Rxe2 
Nxa1 29. Re1 Nc2 30. Rc1 Qf5 31. B@g4 Qg5 32. P@f4 R@e1# 
{Leech forfeits on time} 0-1

[Event "fics rated crazyhouse match"]
[Site "fics, Oklahoma City, OK USA"]
[Date "2000.01.21"]
[White "LINDEGREN"]
[WhiteElo "2284"]
[Black "venomous"]
[BlackElo "2451"]
[TimeControl "120+0"]
[Result "1-0"]

1. e4 e6 2. Nc3 Nc6 3. Nf3 Bb4 4. d4 Nf6 5. Bd3 d5 6. exd5 
Nxd5 7. Bd2 Bxc3 8. bxc3 N@b2 9. Qe2 Nxd3+ 10. Qxd3 P@b2 11. Rd1 B@g6 
12. P@e4 Nf6 13. N@g3 h5 14. h4 Bd7 15. O-O Qe7 16. B@g5 a6 17. Qe2 
Na5 18. e5 Bb5 19. exf6 gxf6 20. Bxf6 Qxf6 21. Bg5 Qxg5 22. Nxg5 O-O-O 
23. Q@a8+ Kd7 24. N@e5+ Ke7 25. Nxg6+ Kf6 26. Qe5+ Kxg6 27. Qxd8 P@h2+ 28. Kh1 
Rxd8 29. R@g7+ Kh6 30. Nxf7# 
{venomous checkmated} 1-0

[Event "fics rated crazyhouse match"]
[Site "fics, Oklahoma City, OK USA"]
[Date "2000.01.21"]
[White "venomous"]
[WhiteElo "2439"]
[Black "LINDEGREN"]
[BlackElo "2296"]
[TimeControl "120+0"]
[Result "1-0"]

1. e4 Nf6 2. Nc3 e6 3. Nf3 d5 4. exd5 Nxd5 5. d4 Bb4 6. Bd2 
Nc6 7. Nxd5 Bxd2+ 8. Qxd2 exd5 9. N@h5 Qe7+ 10. P@e5 f6 11. Bb5 N@e4 
12. Qe3 B@h6 13. B@f4 Bxf4 14. Nxf4 B@h6 15. O-O Bxf4 16. Qxf4 O-O 17. B@d3 
fxe5 18. Qe3 exd4 19. Nxd4 Nxd4 20. Qxd4 N@f5 21. Qxd5+ P@f7 22. Qxe4 Qxe4 
23. Bxe4 Q@g5 24. B@g3 P@h4 25. Bxf5 hxg3 26. fxg3 B@d4+ 27. P@f2 Bxf5 28. P@f4 
Qe7 29. N@d5 Qe4 30. P@f3 Qe6 31. Nxc7 P@h3 32. Nxe6 Bxe6 33. gxh3 Bxh3 
34. P@g2 Bxg2 35. Kxg2 B@e6 36. P@g4 P@h3+ 37. Kxh3 h5 38. P@h7+ Kh8 39. Q@h4 
hxg4+ 40. fxg4 N@h6 41. P@f5 Bxf5 42. gxf5 P@f3 43. B@g4 Nxg4 44. Kxg4 B@g2 
45. N@g6+ fxg6 46. Q@g8+ Rxg8 47. N@f7# 
{LINDEGREN checkmated} 1-0

[Event "fics rated crazyhouse match"]
[Site "fics, Oklahoma City, OK USA"]
[Date "2000.01.21"]
[White "TeemuTH"]
[WhiteElo "2163"]
[Black "Leech"]
[BlackElo "2258"]
[TimeControl "180+0"]
[Result "0-1"]

1. e4 Nc6 2. d4 e5 3. Nf3 exd4 4. Nxd4 Bc5 5. Be3 Nxd4 6. Bxd4 
Bxd4 7. Qxd4 B@f6 8. e5 N@c6 9. Qe3 Bxe5 10. P@f4 P@d4 11. Qe2 Qe7 
12. fxe5 Qxe5 13. Qxe5+ Nxe5 14. N@f5 Q@c1+ 15. B@d1 Qg5 16. B@h4 Qxh4 17. Nxh4 
P@e3 18. fxe3 dxe3 19. Nf5 P@f2+ 20. Ke2 B@g4+ 21. Kxe3 Bxf5 22. Kxf2 Nf6 
23. P@f3 d5 24. Nc3 d4 25. Bb5+ Bcd7 26. Bxd7+ Bxd7 27. B@c5 B@e3+ 28. Kf1 
P@d6 29. P@g5 N@d2+ 30. Ke2 Nh5 31. P@g3 dxc5 32. Ne4 Bb5+ 33. Ke1 Nxe4 
34. Be2 B@d2+ 35. Kf1 Nhxg3+ 36. hxg3 Nxg3# 
{TeemuTH checkmated} 0-1

[Event "fics rated crazyhouse match"]
[Site "fics, Oklahoma City, OK USA"]
[Date "2000.01.21"]
[White "LINDEGREN"]
[WhiteElo "2291"]
[Black "venomous"]
[BlackElo "2444"]
[TimeControl "120+0"]
[Result "1-0"]

1. e4 e6 2. Nc3 Nc6 3. d4 Nf6 4. Nf3 Bb4 5. Bd3 d5 6. exd5 
Nxd5 7. Bd2 P@a3 8. Nxd5 Bxd2+ 9. Qxd2 axb2 10. Rd1 exd5 11. Qe3+ P@e4 
12. Bxe4 dxe4 13. Qxe4+ B@e6 14. N@h5 B@f8 15. P@h6 N@f5 16. hxg7 Nxg7 17. Nxg7+ 
Bxg7 18. N@h5 P@d2+ 19. Nxd2 Bxd4 20. O-O P@f5 21. Qf3 Ne5 22. B@b5+ Bcd7 
23. Bxd7+ Bxd7 24. Qe2 B@c6 25. Ng7+ Kf8 26. B@h6 Kg8 27. Nh5 N@h4 28. P@g7 
Neg6 29. gxh8=Q+ Bxh8 30. P@g7 Bxg7 31. Bxg7 Bxg2 32. B@g3 Qg5 33. Bxh4 Qxh5 
34. N@f6+ Kxg7 35. Nxh5+ Kf8 36. Q@g7# 
{venomous checkmated} 1-0

[Event "fics rated crazyhouse match"]
[Site "fics, Oklahoma City, OK USA"]
[Date "2000.01.21"]
[White "Leech"]
[WhiteElo "2264"]
[Black "TeemuTH"]
[BlackElo "2157"]
[TimeControl "180+0"]
[Result "0-1"]

1. e4 e6 2. d4 d5 3. Nc3 Nc6 4. Bb5 dxe4 5. Nxe4 Bd7 6. Nf3 
Be7 7. O-O Nf6 8. Neg5 O-O 9. Bf4 h6 10. Nxf7 Rxf7 11. P@g6 Rf8 
12. P@h7+ Kh8 13. Bxc6 Bxc6 14. N@f7+ Rxf7 15. gxf7 Kxh7 16. Ne5 Bxg2 17. R@g3 
N@h3+ 18. Kxg2 Nxf4+ 19. Kg1 N@h3+ 20. Kh1 B@d5+ 21. f3 P@e2 22. B@d3+ P@e4 
23. fxe4 exd1=Q 24. exd5+ Qxd3 25. cxd3 Qxd5+ 26. B@e4+ Nxe4 27. dxe4 Qxe4+ 28. P@f3 
Qxd4 29. P@g6+ Kh8 30. f8=Q+ Rxf8 31. N@f7+ Kg8 32. Rad1 Qxe5 33. Nxe5 N@f2+ 
34. Rxf2 Nxf2+ 35. Kg1 N4h3+ 36. Kg2 Nf4+ 37. Kxf2 Q@e2+ 38. Kg1 P@f2+ 39. Kh1 
Qxd1# 
{Leech forfeits on time} 0-1

[Event "fics rated crazyhouse match"]
[Site "fics, Oklahoma City, OK USA"]
[Date "2000.01.21"]
[White "venomous"]
[WhiteElo "2433"]
[Black "LINDEGREN"]
[BlackElo "2302"]
[TimeControl "120+0"]
[Result "0-1"]

1. b3 Nf6 2. Bb2 d6 3. e3 e5 4. Nf3 Nc6 5. Bb5 Bd7 6. d4 
e4 7. Ng5 Be7 8. Nd2 d5 9. c4 O-O 10. cxd5 Nxd5 11. Ngxe4 Ncb4 
12. Bxd7 Qxd7 13. O-O B@d3 14. B@f3 Bxe4 15. Nxe4 f5 16. Nc5 Bxc5 17. dxc5 
P@e4 18. Be2 N@d3 19. Bxd3 Nxd3 20. B@d4 Nxb2 21. Bxb2 B@g4 22. P@e2 B@h3 
23. gxh3 Bxh3 24. N@f4 Bxf1 25. Qxf1 Nxf4 26. exf4 P@f3 27. B@c4+ Kh8 28. P@h6 
Rg8 29. B@e5 N@f6 30. Bxf6 gxf6+ 31. B@g7+ Rxg7+ 32. hxg7+ Qxg7+ 33. R@g3 P@g2 
34. exf3 gxf1=Q+ 35. Bxf1 R@g6 36. Bxf6 Qxf6 37. P@g5 Qxa1 38. N@f7+ Kg7 39. P@h6+ 
Kxf7 40. N@e5+ Ke8 41. P@d7+ Ke7 42. Nxg6+ hxg6 43. R@e8+ Kxd7 44. N@f6+ Kc6 
45. Re6+ Kxc5 46. Re5+ Kc6 47. Re6+ P@d6 48. Nxe4 N@e2+ 49. Kg2 R@g1+ 50. Kh3 
Rxg3+ 51. Nxg3 Qxf1+ 52. Nxf1 N@g1+ 53. Kg2 Q@h3+ 54. Kh1 B@g2# 
{venomous checkmated} 0-1

[Event "fics rated crazyhouse match"]
[Site "fics, Oklahoma City, OK USA"]
[Date "2000.01.21"]
[White "LINDEGREN"]
[WhiteElo "2313"]
[Black "venomous"]
[BlackElo "2422"]
[TimeControl "120+0"]
[Result "1-0"]

1. e4 e6 2. Nc3 Nc6 3. d4 Bb4 4. Nf3 Nf6 5. Bd3 d5 6. exd5 
Nxd5 7. Bd2 P@a3 8. Nxd5 Bxd2+ 9. Qxd2 axb2 10. Rd1 exd5 11. Qe3+ P@e4 
12. Bxe4 dxe4 13. Qxe4+ N@e6 14. N@h5 B@h6 15. P@g5 Bxg5 16. Nxg7+ Kf8 17. Nxe6+ 
Bxe6 18. P@g7+ Kxg7 19. N@h5+ Kg8 20. P@g7 B@h6 21. gxh8=Q+ Kxh8 22. Nxg5 Qxg5 
23. B@f6+ Qxf6 24. Nxf6 P@d2+ 25. Kf1 B@g7 26. Qxh7# 
{venomous checkmated} 1-0

[Event "fics rated crazyhouse match"]
[Site "fics, Oklahoma City, OK USA"]
[Date "2000.01.21"]
[White "venomous"]
[WhiteElo "2412"]
[Black "LINDEGREN"]
[BlackElo "2323"]
[TimeControl "120+0"]
[Result "1-0"]

1. e4 Nf6 2. Nc3 e6 3. Nf3 d5 4. exd5 Nxd5 5. Nxd5 exd5 6. Ne5 
P@f6 7. Nxf7 Kxf7 8. P@h5 Qe7+ 9. Qe2 N@e5 10. d4 N@f3+ 11. gxf3 Nxf3+ 
12. Kd1 g6 13. Qxe7+ Kxe7 14. Be2 Nxd4 15. Q@c5+ P@d6 16. Qxd4 Be6 17. P@g5 
P@e5 18. gxf6+ Kxf6 19. P@g5+ Ke7 20. Qb4 Nc6 21. Qxb7 Q@d4+ 22. N@d3 Rb8 
23. Qxc6 
{LINDEGREN resigns} 1-0

[Event "fics rated crazyhouse match"]
[Site "fics, Oklahoma City, OK USA"]
[Date "2000.01.21"]
[White "TeemuTH"]
[WhiteElo "2167"]
[Black "Leech"]
[BlackElo "2254"]
[TimeControl "180+0"]
[Result "1-0"]

1. e4 e6 2. d4 Nf6 3. Nc3 d5 4. Bg5 dxe4 5. Nxe4 Be7 6. Bxf6 
Bxf6 7. Nf3 B@h5 8. Be2 Bxf3 9. Bxf3 Bxd4 10. P@e3 Bf6 11. Qxd8+ Bxd8 
12. N@h5 Q@a5+ 13. Kf1 Rg8 14. B@c3 P@b4 15. Bxg7 N@f5 16. Nhf6+ Bxf6 17. Nxf6+ 
Ke7 18. Nxg8+ Kd7 19. Rd1+ P@d5 20. Nf6+ Kc6 21. B@e8+ Bd7 22. Bf8 Bxe8 
23. Nxe8 Nd7 24. Bxb4 Qxb4 25. R@c3+ B@c4+ 26. P@d3 Rxe8 27. dxc4 Kd6 28. cxd5 
Ke7 29. B@a3 Qxa3 30. B@g5+ B@f6 31. Bxf6+ Nxf6 32. Rxa3 B@b5+ 33. P@d3 B@e4 
34. B@g5 Bxf3 35. Bxf6+ Kxf6 36. P@g5+ Ke7 37. Q@f6+ Kd7 38. dxe6+ Rxe6 39. Qxf7+ 
N@e7 40. N@f8+ Kc8 41. Qxe6+ B@d7 42. R@e8+ B@d8 43. Q@a8# 
{Leech forfeits on time} 1-0

[Event "fics rated crazyhouse match"]
[Site "fics, Oklahoma City, OK USA"]
[Date "2000.01.21"]
[White "Leech"]
[WhiteElo "2244"]
[Black "TeemuTH"]
[BlackElo "2177"]
[TimeControl "180+0"]
[Result "1-0"]

1. e4 e6 2. Nc3 d5 3. d4 Nc6 4. Bb5 dxe4 5. Bxc6+ Bd7 6. Bxd7+ 
Qxd7 7. Nxe4 P@d5 8. N@c5 Bxc5 9. Nxc5 B@b4+ 10. Bd2 Bxc5 11. dxc5 N@h4 
12. B@f1 Nf6 13. B@g5 Nf5 14. Bxf6 gxf6 15. P@g4 Nd4 16. B@g7 B@g6 17. Bxh8 
Nxc2+ 18. Qxc2 Bxc2 19. R@g8+ Ke7 20. Rxa8 N@c8 21. N@g8+ Kf8 22. Nxf6 Qd8 
23. N@g8 P@e7 24. P@g7# 
{TeemuTH checkmated} 1-0

[Event "fics rated crazyhouse match"]
[Site "fics, Oklahoma City, OK USA"]
[Date "2000.01.21"]
[White "venomous"]
[WhiteElo "2424"]
[Black "LINDEGREN"]
[BlackElo "2311"]
[TimeControl "120+0"]
[Result "1-0"]

1. e4 Nf6 2. Nc3 Nc6 3. Nf3 e6 4. Bb5 Bc5 5. O-O Nd4 6. Nxd4 
Bxd4 7. Ne2 Be5 8. f4 Bd6 9. e5 Ne4 10. exd6 cxd6 11. d3 P@f2+ 
12. Kh1 a6 13. Bc4 b5 14. dxe4 bxc4 15. Qxd6 B@e7 16. Qe5 f6 17. Qh5+ 
N@f7 18. Rxf2 Bb7 19. P@f3 g6 20. Qh3 O-O 21. N@g4 f5 22. N@h6+ Nxh6 
23. Nxh6+ Kh8 24. B@c3+ Bf6 25. Bxf6+ Qxf6 26. B@c3 Qxc3 27. bxc3 B@f6 28. e5 
{LINDEGREN resigns} 1-0

[Event "fics rated crazyhouse match"]
[Site "fics, Oklahoma City, OK USA"]
[Date "2000.01.21"]
[White "TeemuTH"]
[WhiteElo "2171"]
[Black "Leech"]
[BlackElo "2250"]
[TimeControl "180+0"]
[Result "0-1"]

1. e4 Nf6 2. Nc3 d5 3. exd5 Nxd5 4. d4 Nc6 5. Nf3 Bg4 6. Be2 
e6 7. Nxd5 exd5 8. Bf4 P@e4 9. Ne5 Bxe2 10. Qxe2 Nxe5 11. dxe5 B@c4 
12. P@d3 exd3 13. cxd3 N@d4 14. B@a4+ P@b5 15. dxc4 bxa4 16. Qh5 N@d3+ 17. Kf1 
B@e2+ 18. Qxe2 Nxe2 19. B@b5+ c6 20. N@d6+ Bxd6 21. exd6 Nexf4 22. N@c7+ Qxc7 
23. dxc7 Q@e2+ 24. Kg1 Qxf2# 
{TeemuTH checkmated} 0-1

[Event "fics rated crazyhouse match"]
[Site "fics, Oklahoma City, OK USA"]
[Date "2000.01.21"]
[White "LINDEGREN"]
[WhiteElo "2305"]
[Black "venomous"]
[BlackElo "2429"]
[TimeControl "120+0"]
[Result "0-1"]

1. e4 e6 2. Nc3 Nc6 3. Nf3 Nf6 4. d4 Bb4 5. Bd3 d5 6. exd5 
Nxd5 7. Bd2 P@a3 8. Nxd5 Bxd2+ 9. Qxd2 axb2 10. Rd1 exd5 11. Qe3+ P@e4 
12. Bxe4 dxe4 13. Qxe4+ Qe7 14. Qxe7+ Nxe7 15. B@b5+ B@c6 16. Bxc6+ bxc6 17. N@h5 
Q@a5+ 18. B@d2 Qxh5 19. Q@e2 B@a6 20. P@d3 N@a3 21. Bb4 B@d6 22. Bxd6 cxd6 
23. B@b4 N@b5 24. P@e5 B@c3+ 25. Bxc3 Nxc3 26. exd6 Nxe2 27. dxe7 Q@b4+ 28. B@d2 
Qxe7 29. P@e5 Nxd4 30. Nxd4 Qexe5+ 31. P@e3 P@e2 32. Nxe2 Nxc2+ 33. Kf1 P@f3 
34. gxf3 P@g2+ 35. Kxg2 Qh3+ 36. Kg1 P@g2 37. N@f4 gxh1=Q+ 38. Kxh1 R@f1+ 39. Rxf1 
Qxf1+ 40. R@g1 Qxf2 41. P@g2 R@a1 
{LINDEGREN forfeits on time} 0-1

[Event "fics rated crazyhouse match"]
[Site "fics, Oklahoma City, OK USA"]
[Date "2000.01.21"]
[White "venomous"]
[WhiteElo "2434"]
[Black "LINDEGREN"]
[BlackElo "2300"]
[TimeControl "120+0"]
[Result "1-0"]

1. e4 Nf6 2. Nc3 e6 3. Nf3 d5 4. exd5 Nxd5 5. Nxd5 exd5 6. Ne5 
Bd6 7. d4 Qe7 8. Bb5+ c6 9. Be2 f6 10. N@f7 fxe5 11. Nxh8 P@f7 
12. dxe5 Bxe5 13. P@d4 Bc7 14. R@g8+ N@f8 15. P@e5 N@h4 16. Rxg7 Bxe5 17. dxe5 
Qxe5 18. B@d4 Qe6 19. Nxf7 P@g6 20. Rg1 Nbd7 21. Ng5 Qd6 22. P@f7+ Kd8 
23. P@g3 Nf5 24. Bf4 P@e5 25. Nxh7 Nxd4 26. Nxf8 Nxf8 27. Bg5+ P@f6 28. Rg8 
fxg5 29. P@g7 B@e7 30. N@h7 Be6 31. Nxf8 Kc7 32. Nxe6+ Nxe6 33. Rxa8 B@a5+ 
34. B@d2 Bxd2+ 35. Qxd2 Nxg7 36. B@b8+ Kd7 37. Bxd6 Bxd6 38. Q@e8+ Nxe8 39. fxe8=Q+ 
Kc7 40. Qd8# 
{LINDEGREN checkmated} 1-0

[Event "fics rated crazyhouse match"]
[Site "fics, Oklahoma City, OK USA"]
[Date "2000.01.21"]
[White "LINDEGREN"]
[WhiteElo "2295"]
[Black "venomous"]
[BlackElo "2439"]
[TimeControl "120+0"]
[Result "1-0"]

1. e4 e6 2. Nc3 Nc6 3. Nf3 Nf6 4. Bb5 Bb4 5. Bxc6 dxc6 6. e5 
Bxc3 7. bxc3 Ng4 8. O-O B@d5 9. d4 N@e4 10. B@h4 Qd7 11. N@c5 Nxc5 
12. dxc5 Bxf3 13. Qxf3 Nxe5 14. Qe4 P@f6 15. N@h5 N@f5 16. Bxf6 gxf6 17. Nxf6+ 
Kd8 18. Nxd7 Nxd7 19. P@d6 cxd6 20. P@e7+ Kxe7 21. cxd6+ Nxd6 22. Ba3 P@c5 
23. B@h4+ P@f6 24. Bxc5 Nxc5 25. Qe5 N@d7 26. Bxf6+ Nxf6 27. Qxc5 N@e4 28. P@e5 
Nxc5 29. exd6+ Kxd6 30. N@c4+ Ke7 31. Q@d6+ Ke8 32. N@c7# 
{venomous checkmated} 1-0

[Event "fics rated crazyhouse match"]
[Site "fics, Oklahoma City, OK USA"]
[Date "2000.01.21"]
[White "TeemuTH"]
[WhiteElo "2175"]
[Black "Leech"]
[BlackElo "2246"]
[TimeControl "180+0"]
[Result "1-0"]

1. e4 Nf6 2. Nc3 Nc6 3. d4 e5 4. Nf3 exd4 5. Nxd4 Bc5 6. Be3 
Bxd4 7. Bxd4 Nxd4 8. Qxd4 N@c6 9. Qd1 B@d4 10. N@f5 Bxc3+ 11. bxc3 Rg8 
12. B@h4 g5 13. Nh6 Rg6 14. P@f5 Rxh6 15. Bxg5 P@g7 16. Bxh6 gxh6 17. R@h8+ 
B@g8 18. B@g7 N@h5 19. Bxf6 Nxf6 20. N@d5 B@g7 21. Nxf6+ Qxf6 22. Rxg8+ N@f8 
23. P@d4 N@e7 24. N@g4 Nxg8 25. Nxf6+ Nxf6 26. e5 Ne4 27. f6 Nxf6 28. exf6 
Bxf6 29. B@e5 Nxe5 30. dxe5 Bxe5 31. Qe2 R@e6 32. N@e4 Bxc3+ 33. Nxc3 Rxe2+ 
34. Bxe2 P@d2+ 35. Kf1 Q@c1+ 36. Rxc1 dxc1=Q+ 37. R@d1 N@d2+ 38. Ke1 Qxd1+ 39. Kxd1 
R@a1+ 40. Kxd2 B@g5+ 41. Kd3 R@d6+ 42. Ke4 P@f5+ 43. Kf3 Ne6 44. Q@g8# 
{Leech forfeits on time} 1-0

[Event "fics rated crazyhouse match"]
[Site "fics, Oklahoma City, OK USA"]
[Date "2000.01.21"]
[White "venomous"]
[WhiteElo "2428"]
[Black "LINDEGREN"]
[BlackElo "2306"]
[TimeControl "120+0"]
[Result "1-0"]

1. e4 Nf6 2. Nc3 Nc6 3. Nf3 e6 4. Bb5 d5 5. exd5 Nxd5 6. Nxd5 
exd5 7. Ne5 Qe7 8. d4 Bd7 9. O-O Nxe5 10. dxe5 Qxe5 11. Bxd7+ Kxd7 
12. B@h3+ B@e6 13. Bxe6+ fxe6 14. B@f4 Qf6 15. N@e5+ Qxe5 16. Bxe5 B@d6 17. P@f5 
P@f7 18. fxe6+ fxe6 19. Q@f7+ P@e7 20. P@f5 exf5 21. Qdxd5 N@d8 22. P@e6+ Kc8 
23. Qe8 N@f6 24. Bxd6 Nxe8 25. Bxc7 Nxc7 26. Qd7+ Kb8 27. Qxd8# 
{LINDEGREN resigns} 1-0

[Event "fics rated crazyhouse match"]
[Site "fics, Oklahoma City, OK USA"]
[Date "2000.01.21"]
[White "Leech"]
[WhiteElo "2236"]
[Black "TeemuTH"]
[BlackElo "2185"]
[TimeControl "180+0"]
[Result "1-0"]

1. e4 e6 2. d4 d5 3. exd5 exd5 4. Nc3 Nf6 5. Nf3 Nc6 6. Bb5 
Bg4 7. h3 Bh5 8. P@g4 Nxg4 9. hxg4 Bxg4 10. N@e5 Qe7 11. Qe2 Bxf3 
12. Qxf3 P@f6 13. Bxc6+ bxc6 14. N@f5 Qe6 15. B@d7+ Qxd7 16. Nxd7 Kxd7 17. Nxd5 
B@a5+ 18. P@b4 Bfxb4+ 19. Nxb4 Bxb4+ 20. B@c3 Rae8+ 21. Ne3 Bxc3+ 22. bxc3 B@e4 
23. B@f5+ Bxf5 24. Qxc6+ Kxc6 25. Q@d5+ Kb6 26. Rb1# 
{TeemuTH resigns} 1-0

[Event "fics rated crazyhouse match"]
[Site "fics, Oklahoma City, OK USA"]
[Date "2000.01.21"]
[White "LINDEGREN"]
[WhiteElo "2301"]
[Black "venomous"]
[BlackElo "2433"]
[TimeControl "120+0"]
[Result "0-1"]

1. e4 e6 2. Nf3 Nc6 3. d4 Nf6 4. e5 Nd5 5. Bd3 d6 6. O-O 
Nxd4 7. Nxd4 dxe5 8. Nf3 P@f6 9. c4 Nb4 10. Be2 P@d3 11. Bxd3 Qxd3 
12. Nc3 B@c6 13. P@d5 Qxd1 14. Rxd1 exd5 15. cxd5 P@c2 16. Re1 Nxd5 17. Nxe5 
fxe5 18. Rxe5+ P@e6 19. Bg5 N@f6 20. Nxd5 Bxd5 21. Rxd5 exd5 22. Q@e2+ Q@e6 
23. Qxe6+ Bxe6 24. B@a4+ N@c6 25. Bxc2 R@e5 26. P@f4 Re2 27. Bd3 Rxb2 28. Re1 
Rxf2 29. Rxe6+ fxe6 30. P@f7+ Kxf7 31. P@g6+ hxg6 32. Bxg6+ Kxg6 33. B@d3+ P@e4 
34. f5+ Rxf5 
{LINDEGREN resigns} 0-1

[Event "fics rated crazyhouse match"]
[Site "fics, Oklahoma City, OK USA"]
[Date "2000.01.21"]
[White "venomous"]
[WhiteElo "2438"]
[Black "LINDEGREN"]
[BlackElo "2296"]
[TimeControl "120+0"]
[Result "0-1"]

1. e4 e6 2. d4 Nc6 3. Be3 d5 4. e5 Nge7 5. Nh3 Nf5 6. Be2 
Bb4+ 7. c3 Be7 8. O-O O-O 9. Nd2 f6 10. exf6 Bxf6 11. P@e5 Nxe5 
12. dxe5 Bxe5 13. N@g4 Bd6 14. Bd3 Qe7 15. Ng5 P@g6 16. Bxf5 Rxf5 17. N@h6+ 
gxh6 18. Nxh6+ Kh8 19. Nxf5 exf5 20. P@f7 Be6 21. Bd4+ P@e5 22. Nxe6 Qxe6 
23. B@e8 Rxe8 24. fxe8=Q+ Qxe8 25. R@f6 B@g7 26. Rxd6 cxd6 27. Bxa7 B@c7 28. P@b6 
Bd8 29. B@c7 N@f4 30. R@g3 P@e2 31. Bxd8 exd1=Q 32. Raxd1 P@e2 33. Bg5 exf1=Q+ 
34. Rxf1 N@e2+ 35. Kh1 Nxg3+ 36. fxg3 Q@e2 37. Bxf4 exf4 38. N@f3 R@d1 39. B@g1 
Rxf1 40. Nxf1 Qxf1 41. R@f2 Qxf2 42. Bxf2 R@f1+ 43. N@g1 N@d3 44. Q@d2 R@d1 
45. Qxd3 Rxd3 46. N@h3 R@d1 47. gxf4 R@c1 48. P@e2 Q@b1 49. exd3 Rxg1+ 50. Bxg1 
Rxg1+ 51. Nfxg1 Rxg1+ 52. Nxg1 N@f2# 
{venomous checkmated} 0-1

[Event "fics rated crazyhouse match"]
[Site "fics, Oklahoma City, OK USA"]
[Date "2000.01.21"]
[White "TeemuTH"]
[WhiteElo "2178"]
[Black "Leech"]
[BlackElo "2243"]
[TimeControl "180+0"]
[Result "1-0"]

1. e4 Nc6 2. d4 d6 3. Nf3 Bg4 4. Bb5 a6 5. Bxc6+ bxc6 6. Nc3 
Nf6 7. h3 Bh5 8. Bg5 Rb8 9. e5 Nd7 10. N@f4 Bxf3 11. Qxf3 dxe5 
12. Qxc6 exf4 13. Nd5 B@d6 14. Qxa6 N@b4 15. Nxb4 Rxb4 16. P@a7 P@d2+ 17. Kxd2 
Rxd4+ 18. P@d3 N@e4+ 19. Ke2 N@g3+ 20. fxg3 Nxg3+ 21. Ke1 P@e3 22. a8=Q Nb8 
23. B@c6+ P@d7 24. Bxd7+ Kxd7 25. P@c6+ Ke6 26. Qxb8 B@d2+ 27. Kd1 Qxb8 28. P@f5+ 
Kxf5 29. Qb5+ P@c5 30. N@h4+ Kxg5 31. Nf3+ Kf6 32. N@h5+ Kg6 33. c3 P@e2+ 
34. Kc2 B@a4+ 35. Qxa4 Qxb2+ 36. Kxb2 
{Leech forfeits on time} 1-0

[Event "fics rated crazyhouse match"]
[Site "fics, Oklahoma City, OK USA"]
[Date "2000.01.21"]
[White "Leech"]
[WhiteElo "2234"]
[Black "TeemuTH"]
[BlackElo "2187"]
[TimeControl "180+0"]
[Result "1-0"]

1. e4 e6 2. d4 d5 3. Nc3 Nc6 4. Nf3 dxe4 5. Nxe4 Be7 6. Bb5 
Bd7 7. O-O Nf6 8. Re1 Nxe4 9. Rxe4 N@f6 10. Re1 O-O 11. P@h6 gxh6 
12. Bxh6 P@g7 13. Bxg7 Kxg7 14. P@g5 Ng4 15. P@f6+ Nxf6 16. gxf6+ Bxf6 17. N@h5+ 
Kg8 18. Nxf6+ Qxf6 19. N@h5 Qg6 20. Bxc6 N@h3+ 21. Kf1 B@b5+ 22. Bxb5 Bxb5+ 
23. B@d3 Bxd3+ 24. cxd3 B@d8 25. Ne5 P@g7 26. Nxg6 fxg6 27. N@h6+ Kh8 28. Q@g8+ 
Rxg8 29. Nf7# 
{TeemuTH checkmated} 1-0

[Event "fics rated crazyhouse match"]
[Site "fics, Oklahoma City, OK USA"]
[Date "2000.01.21"]
[White "LINDEGREN"]
[WhiteElo "2307"]
[Black "venomous"]
[BlackElo "2427"]
[TimeControl "120+0"]
[Result "0-1"]

1. e4 e6 2. Nc3 Nc6 3. d4 Nf6 4. Nf3 Bb4 5. Bd3 d5 6. exd5 
Nxd5 7. Bd2 P@a3 8. Nxd5 Bxd2+ 9. Qxd2 axb2 10. Rd1 exd5 11. Qe3+ P@e4 
12. Bxe4 dxe4 13. Qxe4+ Qe7 14. Qxe7+ Nxe7 15. Q@e2 B@b4+ 16. B@d2 N@f4 17. Bxb4 
Nxe2 18. Bxe7 Q@e6 19. P@e5 Nf4 20. B@b5+ B@d7 21. Bxd7+ Bxd7 22. B@f1 Qxe7 
23. P@e3 B@a5+ 24. P@d2 Nd5 25. N@c4 B@b4 26. Nxa5 Bxa5 27. N@c4 Q@b4 28. Nxa5 
b1=Q 29. Be2 Qxd1+ 30. Bxd1 Qxa5 31. O-O R@b1 32. B@h4 f6 33. exf6 gxf6 
34. P@e5 P@g7 35. exf6 gxf6 36. P@e5 Rxd1 37. Rxd1 P@e2 
{LINDEGREN forfeits on time} 0-1

[Event "fics rated crazyhouse match"]
[Site "fics, Oklahoma City, OK USA"]
[Date "2000.01.21"]
[White "venomous"]
[WhiteElo "2432"]
[Black "LINDEGREN"]
[BlackElo "2302"]
[TimeControl "120+0"]
[Result "1-0"]

1. e4 Nf6 2. Nc3 Nc6 3. Nf3 e6 4. Bb5 d5 5. exd5 Nxd5 6. Nxd5 
exd5 7. N@e5 Qe7 8. O-O Bd7 9. Nxd7 Qxd7 10. Bxc6 bxc6 11. Ne5 B@e6 
12. Nxd7 Bxd7 13. N@e5 Bd6 14. Nxd7 Kxd7 15. B@b7 N@e5 16. B@h3+ P@e6 17. d4 
Ng6 18. Bxa8 Rxa8 19. P@b7 Rd8 20. R@a8 N@b8 21. Rxa7 N@f4 22. Bxf4 Nxf4 
23. Q@c8+ Rxc8 24. bxc8=Q+ Kxc8 25. R@g8+ Kd7 26. Qf3 Nxh3+ 27. Qxh3 B@f5 28. N@e5+ 
Bxe5 29. N@c5+ Ke7 30. P@g4 N@f4 31. Qh4+ B@f6 32. dxe5 Bxh4 33. B@d8# 
{LINDEGREN checkmated} 1-0

[Event "fics rated crazyhouse match"]
[Site "fics, Oklahoma City, OK USA"]
[Date "2000.01.21"]
[White "Igy"]
[WhiteElo "2230"]
[Black "Lomboc"]
[BlackElo "2278"]
[TimeControl "60+0"]
[Result "1-0"]

1. e4 e6 2. Nf3 d5 3. Nc3 dxe4 4. Nxe4 Nd7 5. d4 Ngf6 6. Bd3 
Be7 7. O-O Nxe4 8. Bxe4 Nf6 9. Bd3 P@e4 10. P@g5 exf3 11. Qxf3 Nd5 
12. P@h6 Bxg5 13. hxg7 Rg8 14. Bxg5 Qxg5 15. P@e4 Nf4 16. B@g3 Nxg2 17. N@f6+ 
Kd8 18. Nxg8 B@e8 19. Qxg2 N@h4 20. Bxh4 Qxh4 21. R@g4 Qh5 22. Nf6 N@f3+ 
23. Qxf3 Qh6 24. g8=Q Bd7 25. N@g7 
{Lomboc forfeits on time} 1-0

[Event "fics rated crazyhouse match"]
[Site "fics, Oklahoma City, OK USA"]
[Date "2000.01.21"]
[White "Lomboc"]
[WhiteElo "2269"]
[Black "Igy"]
[BlackElo "2239"]
[TimeControl "60+0"]
[Result "1-0"]

1. e4 Nf6 2. Nc3 e5 3. Nf3 Nc6 4. Bc4 Bc5 5. O-O d6 6. h3 
O-O 7. d3 h6 8. Nd5 Nd4 9. Nxf6+ Qxf6 10. Nxd4 exd4 11. N@h5 Qd8 
12. Nxg7 Kxg7 13. N@h5+ Kh7 14. Qf3 N@e5 15. Qg3 Rg8 16. Qh2 N@e2+ 17. Kh1 
Nxc4 18. dxc4 B@e5 19. f4 N@e3 20. Bxe3 dxe3 21. fxe5 dxe5 22. N@f6+ Kh8 
23. Nxg8 B@f4 24. P@g7+ Kxg8 25. R@h8# 
{Igy checkmated} 1-0

[Event "fics rated crazyhouse match"]
[Site "fics, Oklahoma City, OK USA"]
[Date "2000.01.21"]
[White "Igy"]
[WhiteElo "2232"]
[Black "Lomboc"]
[BlackElo "2276"]
[TimeControl "60+0"]
[Result "1-0"]

1. e4 d6 2. Nc3 Nf6 3. Nf3 Nbd7 4. d4 e6 5. Bd3 Be7 6. O-O 
O-O 7. Re1 c6 8. Bf1 Qc7 9. h3 Re8 10. Bf4 e5 11. Bh2 exd4 
12. Nxd4 P@e5 13. Nf5 Nc5 14. b4 Na6 15. a3 Bxf5 16. exf5 N@f4 17. Bxf4 
exf4 18. P@e6 fxe6 19. fxe6 Rf8 20. P@f7+ Kh8 21. B@g5 B@e5 22. Bxf6 B7xf6 
23. Ne4 Qe7 24. Rb1 Qxe6 25. N@g5 Bxg5 26. Nxg5 Qe7 27. B@h4 P@f6 28. Nxh7 
Kxh7 29. Qh5+ P@h6 30. Bd3+ Kh8 31. N@g6+ Kh7 32. Nxe7+ g6 33. Qxg6# 
{Lomboc resigns} 1-0

[Event "fics rated crazyhouse match"]
[Site "fics, Oklahoma City, OK USA"]
[Date "2000.01.21"]
[White "Lomboc"]
[WhiteElo "2267"]
[Black "Igy"]
[BlackElo "2241"]
[TimeControl "60+0"]
[Result "1-0"]

1. e4 e6 2. d4 Nc6 3. Nc3 Nf6 4. Nf3 Bb4 5. Bd3 d5 6. e5 
Ne4 7. Bd2 Bxc3 8. bxc3 Nxd2 9. Nxd2 B@h6 10. B@e3 Bxe3 11. fxe3 N@g4 
12. Qxg4 B@b2 13. Qxg7 Rf8 14. O-O Bxc3 15. Nf3 Bxa1 16. Rxa1 R@g8 17. N@f6+ 
Qxf6 18. exf6 Rxg7 19. fxg7 P@g4 20. gxf8=Q+ Kxf8 21. B@h6+ Ke8 22. R@f8+ Kd7 
23. N@e5+ Nxe5 24. Nxe5+ Kd6 25. Q@c5# 
{Igy checkmated} 1-0